 Dungeon Crawl Stone Soup version 0.30-a0-1112-gfb780f5df6 (webtiles) character file.

Game seed: 11740749568737636449

3334 bmack86 the Cleaver (level 9, -4/80 HPs)
             Began as a Minotaur Fighter on Apr 20, 2023.
             Was a Follower of Okawaru.
             Killed from afar by an electric eel (7 damage)
             ... with a bolt of electricity
             ... on level 8 of the Dungeon.
             The game lasted 00:15:19 (7468 turns).

bmack86 the Cleaver (Minotaur Fighter)              Turns: 7468, Time: 00:15:20

Health: -4/80      AC: 12    Str: 31    XL:     9   Next: 72%
Magic:  9/9        EV:  9    Int:  5    God:    Okawaru [*.....]
Gold:   384        SH: 10    Dex: 10    Spells: 8/8 levels left

rFire   . . .      SeeInvis .    a - +1 war axe
rCold   . . .      Faith    .    c - +0 buckler
rNeg    . . .      Spirit   .    l - +0 chain mail
rPois   .          Reflect  +    (helmet restricted)
rElec   .          Rampage  .    q - +0 cloak
rCorr   .                        (no gloves)
Will    .....                    (no boots) Stlth
                                 w - amulet of reflection
HPRegen 0.33/turn                m - +6 ring of strength
MPRegen 0.11/turn                (no ring)

@: no status effects
A: horns 2, retaliatory headbutt
a: Renounce Religion, Heroism


You were on level 8 of the Dungeon.
You worshipped Okawaru.
Okawaru was aware of your devotion.
You visited 2 branches of the dungeon, and saw 9 of its levels.

You collected 384 gold pieces.

Inventory:

Hand Weapons
 a - a +1 war axe (weapon)
Missiles
 j - 43 poisoned darts (quivered)
Armour
 b - a +0 scale mail
 c - a +0 buckler (worn)
 l - a +0 chain mail (worn)
 q - a +0 cloak (worn)
Jewellery
 m - a +6 ring of strength (left hand)
 n - an amulet of magic regeneration
 o - a ring of magical power
 p - a ring of magical power
 w - an amulet of reflection (around neck)
Wands
 f - a wand of roots (4)
 h - a wand of flame (30)
Scrolls
 t - 2 scrolls of teleportation
 x - a scroll of silence {unknown}
 y - a scroll of brand weapon {unknown}
 A - 2 scrolls of enchant weapon
Potions
 d - 2 potions of might
 e - 3 potions of haste
 g - a potion of brilliance
 i - 4 potions of curing
 k - 4 potions of lignification
 r - a potion of flight
 s - a potion of invisibility
 u - a potion of resistance
 v - a potion of ambrosia
 z - 2 potions of attraction {unknown}
 B - a potion of heal wounds


   Skills:
 + Level 7.7 Fighting
 * Level 9.9 Axes
 + Level 4.7 Throwing
 + Level 7.7 Armour
 + Level 7.7 Shields
 + Level 2.1 Invocations


You had 8 spell levels left.
You didn't know any spells.
Your spell library contained the following spells:

 Spells                   Type           Power      Damage    Failure   Level
 Apportation              Tloc           0%         N/A       92%         1
 Necrotise                Necr           0%         1d4       92%         1
 Blink                    Tloc           0%         N/A       98%         2
 Lesser Beckoning         Tloc           0%         N/A       98%         2
 Momentum Strike          Conj/Tloc      0%         3d8       98%         2
 Sublimation of Blood     Necr           0%         N/A       98%         2
 Wereblood                Tmut           0%         N/A       98%         2
 Dazzling Flash           Conj/Hex       0%         N/A       100%        3
 Volatile Blastmotes      Fire/Tloc      0%         2d10      100%        3
 Iskenderun's Mystic Bla  Conj/Tloc      0%         2d3       100%        4
 Starburst                Conj/Fire      0%         6d3       100%        6
 Chain Lightning          Conj/Air       0%         N/A       100%        9
 Fire Storm               Conj/Fire      0%         5d1       100%        9
 Shatter                  Erth           0%         3d5*      100%        9
 Summon Small Mammal      Summ           Unusable   N/A       N/A         1
 Summon Hydra             Summ           Unusable   N/A       N/A         7

Dungeon Overview and Level Annotations

Branches:
Dungeon (8/15)             Temple (1/1) D:7            Lair (0/5) D:8

Altars:
Ashenzari
Cheibriados
Fedhas
Gozag
Hepliaklqana
Kikubaaqudgha
Makhleb
Nemelex Xobeh
Okawaru
Qazlal
Ru
Sif Muna
Trog
Uskayaw
Vehumet
Wu Jian
Yredelemnul
Zin
The Shining One

Shops:
D:2 [   D:3 *


Innate Abilities, Weirdness & Mutations

You have a pair of horns on your head.
You reflexively headbutt those who attack you in melee.


Message History

The bolt of electricity hits the electric eel.
The electric eel completely resists.
The electric eel shoots out a bolt of lightning at you!
The bolt of electricity hits you. The bolt of electricity hits you!
The bolt of electricity hits the electric eel.
The electric eel completely resists.
The bolt of electricity hits the electric eel.
The electric eel completely resists.
You miss the electric eel. Your headbutt misses the electric eel.
The electric eel is almost dead.
The electric eel shoots out a bolt of lightning at you!
The bolt of electricity misses the electric eel.
The bolt of electricity hits you. The bolt of electricity hits you!
The bolt of electricity hits the electric eel.
The electric eel completely resists.
The bolt of electricity hits the electric eel.
The electric eel completely resists.
The electric eel shoots out a bolt of lightning at you!
The bolt of electricity hits you. x2
The bolt of electricity hits the electric eel.
The electric eel completely resists.
The bolt of electricity hits the electric eel.
The electric eel completely resists.
You closely miss the electric eel.
The electric eel is almost dead.
You barely miss the electric eel. Your headbutt misses the electric eel.
The electric eel is almost dead.
The electric eel shoots out a bolt of lightning at you!
The bolt of electricity hits the electric eel.
The electric eel completely resists.
The bolt of electricity hits you!
* * * LOW HITPOINT WARNING * * *
The bolt of electricity hits you!
* * * LOW HITPOINT WARNING * * *
The bolt of electricity hits the electric eel.
The electric eel completely resists.
The bolt of electricity hits the electric eel.
The electric eel completely resists.
The electric eel shoots out a bolt of lightning at you!
The bolt of electricity hits you!
You die...

##..##......................
#....<......................
#..............)............
#..............)........#...
###...........).......[.....
##♣~~.###......)..........
♣♣~♣###.###.............
#~~~~~~♣~#.# ########.....#
♣♣~~~~~♣SS@# #....##
~~~~~♣~~~♣## #......
♣♣~~~~~~~~ ##.....
~~~~♣~~~~~~ ##..##
~~~~~~~~♣~~♣♣ ..
♣~~~~≈≈~~~~♣ ≈≈≈≈≈♣~ ≈≈ ≈≈~~


You could see 2 electric eels.

Vanquished Creatures
  A hornet (D:8)
  A water moccasin (D:6)
  3 wargs (D:8)
  Duvessa (D:7)
  An orc warrior (D:6)
  2 black bears (D:6)
  2 centaurs (D:7)
  5 kobold brigands
  A bullfrog (D:6)
  A gnoll sergeant (D:7)
  3 scorpions (D:6)
  4 wights
  Dowan (D:7)
  5 killer bees (D:8)
  2 howler monkeys
  A hound (D:6)
  A jelly (D:6)
  Crazy Yiuf (D:5)
  2 orc priests
  2 gnoll boudas
  2 iguanas
  A sleepcap (D:6)
  Jessica (D:3)
  Terence (D:2)
  9 orc wizards
  19 gnolls
  7 adders
  A white imp (D:5)
  2 worms
  4 dart slugs
  30 orcs
  4 ball pythons
  6 bats
  10 endoplasms
  2 giant cockroaches
  6 hobgoblins
  10 jackals
  4 quokkas (D:3)
  A frilled lizard (D:3)
  5 goblins
  20 kobolds
  6 rats
191 creatures vanquished.

Vanquished Creatures (others)
  35 plants (D:8)
35 creatures vanquished.

Grand Total: 226 creatures vanquished

Notes
Turn   | Place    | Note
-------+----------+-------------------------------------------
     0 | D:1      | bmack86 the Minotaur Fighter began the quest for the Orb.
     0 | D:1      | Reached XP level 1. HP: 19/19 MP: 0/0
   293 | D:1      | Reached XP level 2. HP: 26/27 MP: 1/1
   443 | D:1      | Reached skill level 3 in Axes
   626 | D:1      | Reached XP level 3. HP: 33/33 MP: 2/2
   894 | D:2      | Found Jishat's Armour Shop.
   917 | D:2      | Found a faded altar of an unknown god.
   999 | D:2      | You fall into a shaft and drop 1 floor!
  1181 | D:2      | Reached XP level 4. HP: 27/40 MP: 3/3
  1187 | D:2      | Reached skill level 4 in Axes
  1563 | D:2      | Noticed Terence
  1572 | D:2      | Killed Terence
  1573 | D:2      | Reached XP level 5. HP: 27/47 MP: 4/4
  1910 | D:3      | Noticed Jessica
  1914 | D:3      | Killed Jessica
  2043 | D:3      | Found Vessij's Assorted Antiques.
  2382 | D:4      | Reached skill level 5 in Axes
  2598 | D:4      | Reached XP level 6. HP: 39/55 MP: 5/5
  2911 | D:4      | Reached skill level 5 in Fighting
  2911 | D:4      | Reached skill level 1 in Throwing
  2911 | D:4      | Reached skill level 5 in Armour
  2911 | D:4      | Reached skill level 5 in Shields
  3532 | D:5      | Entered Level 5 of the Dungeon
  3848 | D:5      | Found a bloodstained altar of Trog.
  3849 | D:5      | Found a sparkling altar of Nemelex Xobeh.
  3850 | D:5      | Found an ornate altar of the Wu Jian Council.
  3851 | D:5      | Found a snail-covered altar of Cheibriados.
  3942 | D:5      | Found a runed translucent door.
  3943 | D:5      | Noticed Crazy Yiuf
  3951 | D:5      | Killed Crazy Yiuf
  3952 | D:5      | Reached XP level 7. HP: 52/61 MP: 6/6
  4358 | D:6      | Reached skill level 6 in Axes
  4475 | D:6      | Reached skill level 7 in Axes
  4475 | D:6      | Reached XP level 8. HP: 26/70 MP: 7/7
  5175 | D:6      | Reached skill level 8 in Axes
  5707 | D:7      | Noticed Dowan
  5710 | D:7      | Noticed Duvessa
  5713 | D:7      | Killed Dowan
  5719 | D:7      | Killed Duvessa
  6039 | D:7      | Reached XP level 9. HP: 47/78 MP: 8/8
  6398 | D:7      | Found a staircase to the Ecumenical Temple.
  6408 | Temple   | Entered the Ecumenical Temple
  6432 | Temple   | Became a worshipper of Warmaster Okawaru
  6692 | D:8      | Found an opulent altar of Gozag.
  6874 | D:8      | Reached skill level 9 in Axes
  6911 | D:8      | Found a staircase to the Lair.
  6926 | D:8      | Reached skill level 1 in Invocations
  7043 | D:8      | Reached * piety under Okawaru
  7468 | D:8      | HP: 3/80 [electric eel/bolt of electricity (10)]
  7468 | D:8      | Killed from afar by an electric eel

Illustrated notes

Levels and vault maps discovered:
D:1:      minmay_arrival_glassed_features, layout_loops_corners,
          dreamdust_mushroom_princess
D:2:      layout_basic, serial_shops, shop, ebering_ecumenical_altar_ruins,
          uniq_terence
D:3:      minmay_diamond_boxcup, layout_rooms, serial_shops,
          nicolae_shop_real_fake_doors, grunt_ministairs_5, uniq_jessica
D:4:      layout_gridville, kennysheep_donut
D:5:      layout_basic, mainiacjoe_overflow_alcove_3, uniq_crazy_yiuf_cottage
D:6:      layout_layer_cave
D:7:      layout_loops_ring, minmay_temple_entry_butterflies, uniq_duvessa
D:8:      layout_layer_cave, mainiacjoe_overflow_tiny_flanked,
          erik_lair_orcish_takeover, special_room [special_room_orc],
          nicolae_two_hexagons, st_stairs_13, serial_bayou_lake_a
Temple:   nicolae_temple_bog_church

Skill      XL: |  1  2  3  4  5  6  7  8  9 |
---------------+----------------------------+-----
Axes           | 3 4 5 7 8 9 |  9.9
Armour         | 4 5 7 |  7.7
Shields        | 4 5 6 7 |  7.7
Fighting       | 4 5 6 7 |  7.7
Throwing       | 1 2 3 4 |  4.7
Invocations    | 2 |  2.1

Action                     |  1- 3 |  4- 6 |  7- 9 || total
---------------------------+-------+-------+-------++-------
  Melee: War axe           |    62 |   171 |   199 ||   432
         Headbutt          |     8 |    16 |    32 ||    56
  Throw: Dart              |       |     7 |    12 ||    19
    Use: Scroll            |       |    11 |     7 ||    18
 Armour: Scale mail        |    25 |       |       ||    25
         Chain mail        |    19 |    76 |   119 ||   214
  Dodge: Dodged            |    21 |    74 |    88 ||   183
  Block: Buckler           |    17 |    48 |    77 ||   142
         Reflection        |       |       |     3 ||     3

Table legend: (Time is in decaauts)
 A = Elapsed time spent in this place.
 B = Non-inter-level travel time spent in this place.
 C = Inter-level travel time spent in this place.
 D = Time resting spent in this place.
 E = Time spent auto-exploring this place.
 F = Levels seen in this place.
 G = Mean time per level.
                   A        B        C        D        E       F      G
               +--------+--------+--------+--------+--------+-----+--------+
         Total |   7571 |   7373 |    198 |    527 |   4925 |   9 |  841.2 |
       Dungeon |   7517 |   7319 |    198 |    527 |   4915 |   8 |  939.6 |
        Temple |     53 |     53 |      0 |      0 |     10 |   1 |   53.0 |
               +--------+--------+--------+--------+--------+-----+--------+

Top non-repeatable levels by time:
     D:6: 1305 daAuts
     D:4: 1185 daAuts
     D:7: 1009 daAuts
     D:1: 903 daAuts
     D:2: 854 daAuts
     D:5: 820 daAuts
     D:8: 782 daAuts
     D:3: 654 daAuts
  Temple: 53 daAuts
